 Dungeon Crawl Stone Soup version 0.27.1 (webtiles) character file.

Game seed: 11686266946375794865

3923 nxtlvl the Prestidigitator (level 10, -5/42 (51) HPs)
             Began as a Deep Elf Artificer on Aug 31, 2021.
             Was an Initiate of Hepliaklqana.
             Slain by a wyvern (7 damage)
             ... on level 9 of the Dungeon.
             The game lasted 01:01:10 (3929 turns).

nxtlvl the Prestidigitator (Deep Elf Artificer)     Turns: 3929, Time: 01:01:11

HP:   -5/42 (51)    AC:  5    Str: 15    XL:     10   Next: 1%
MP:   8/13          EV: 15    Int: 20    God:    Hepliaklqana [......]
Gold: 262           SH:  0    Dex: 15    Spells: 11/11 levels left

rFire    . . .     SeeInvis .   b - +0 short sword (venom)
rCold    . . .     Faith    .   (no shield)
rNeg     . . .     Spirit   .   c - +0 steam dragon scales
rPois    .         Reflect  .   (no helmet)
rElec    .         Harm     .   d - scarf {+Inv}
rCorr    .         Rampage  .   (no gloves)
Will     ++...                  (no boots)
Stlth    ++++......             (no amulet)
HPRegen  0.14/turn              r - +6 ring of strength
MPRegen  0.13/turn              C - ring of willpower

@: very slightly contaminated, heavily drained, invisible
A: no striking features
a: Renounce Religion, Evoke Invisibility


You were on level 9 of the Dungeon.
You worshipped Hepliaklqana.
Hepliaklqana was noncommittal.
You visited 2 branches of the dungeon, and saw 10 of its levels.

You collected 430 gold pieces.
You spent 168 gold pieces at shops.

Inventory:

Hand Weapons
 a - the +9 hunting sling "Tiz Datwa" {flame, rCorr MP-9 Dex+7}
   (You found it on level 4 of the Dungeon)

   Any ammunition fired from it burns those it strikes, dealing additional fire
   damage.
   Dex:       It affects your dexterity (+7).
   MP:        It affects your magic capacity (-9).
   rCorr:     It protects you from acid and corrosion.
 b - a +0 short sword of venom (weapon)
 j - a +0 short sword
 l - a +2 vorpal spear
 s - a +2 vorpal falchion
 B - a +2 scimitar of flaming
 H - a +0 dagger
 I - a +3 scimitar of flaming
Missiles
 n - 47 sling bullets
 u - 26 poisoned darts (quivered)
 y - 92 arrows
Armour
 c - +0 steam dragon scales (worn)
 d - a scarf of invisibility (worn)
Jewellery
 g - an amulet of guardian spirit
 r - a +6 ring of strength (left hand)
 C - a ring of willpower (right hand)
Wands
 f - a wand of charming (13)
 h - a wand of flame (9)
 t - a wand of mindburst (9)
 z - a wand of polymorph (11)
Scrolls
 i - 3 scrolls of teleportation
 q - a scroll of enchant weapon
 v - a scroll of fear
 w - a scroll of fog
 E - a scroll of silence {unknown}
 F - a scroll of noise {unknown}
 G - a scroll of summoning {unknown}
 J - a scroll of magic mapping {unknown}
Potions
 k - a potion of mutation
 m - a potion of flight
 o - 3 potions of brilliance
 p - a potion of magic
 x - a potion of lignification {unknown}
 A - 2 potions of curing {unknown}
 K - a potion of resistance {unknown}
Miscellaneous
 e - a piece from Xom's chessboard (15/15)


   Skills:
 - Level 0.7 Fighting
 * Level 7.0 Short Blades
 - Level 0.7 Armour
 + Level 6.1 Dodging
 + Level 10.0 Stealth
 - Level 1.0 Spellcasting
 + Level 10.0 Evocations


You had 11 spell levels left.
You didn't know any spells.
Your spell library contained the following spells:

 Spells                   Type           Power      Damage    Failure   Level
 Animate Skeleton         Necr           2%         N/A       17%         1
 Pain                     Necr           4%         1d4       17%         1
 Corpse Rot               Necr/Air       N/A        N/A       26%         2
 Vampiric Draining        Necr           0%         2d6       45%         3
 Dispel Undead            Necr           1%         3d6       86%         4
 Death Channel            Necr           0%         N/A       100%        6


Dungeon Overview and Level Annotations

Branches:
Dungeon (8/15)             Temple (1/1) D:7             Orc (0/2) D:9
   Lair: D:8-11

Altars:
Ashenzari
Cheibriados
Dithmenos
Elyvilon
Fedhas
Gozag
Hepliaklqana
Kikubaaqudgha
Makhleb
Nemelex Xobeh
Okawaru
Qazlal
Ru
Sif Muna
Trog
Uskayaw
Vehumet
Wu Jian
Xom
Yredelemnul
Zin
The Shining One

Shops:
D:2 [=[*   D:7 [   D:9 [(

Annotations:
D:3 Grinder
D:4 3 runed translucent doors, Tirrikindir's ghost, amateur OpFi
D:5 Edmund


Message History

You are very lightly contaminated with residual magic.
The orc misses you.
You hit the orc.
The orc is poisoned.
The orc is severely wounded.
The orc misses you.
You barely miss the orc.
The orc is severely wounded.
You closely miss the orc.
The orc is severely wounded.
You hit the orc.
You kill the orc!
You hit the wyvern.
The wyvern is poisoned.
The wyvern is lightly wounded.
You hit the orc but do no damage.
The orc is poisoned.
The orc barely misses you.
You hit the orc but do no damage.
The orc looks as sick as possible!
The orc misses you.
You hit the orc but do no damage.
The orc looks as sick as possible!
The orc is lightly wounded.
The orc barely misses you.
You strike the helpless orc from behind!
You puncture the orc!
You kill the orc!
Things that are here:
a +0 hand axe; a +0 leather armour; an orc corpse
There is an open door here.
Things that are here:
a +1 mace of protection; a +0 leather armour The wyvern hisses angrily.
You hit the wyvern.
The wyvern looks even sicker.
The wyvern is moderately wounded.
The wyvern bites you! x2
* * * LOW HITPOINT WARNING * * *
You closely miss the wyvern.
The wyvern is moderately wounded.
The wyvern closely misses you.
You hit the wyvern but do no damage.
The wyvern looks as sick as possible!
The wyvern is heavily wounded.
The wyvern bites you!
You die...

########## . #........##########
. #........##........ .
#........##........ .
#........##........
.#####........##........
.......†.....)).........
.....#........#.@l......
.....#.....####........#
##.######### #.....$..#
#..######## #........#
###......... ...$.∩.$.#
............ #.......$.#
........#### #.....>...# #
....####.## ..........# .#
####...##.###.....$∩.$)#######)##


You could see a wyvern (extremely poisoned).

Vanquished Creatures
  A tengu warrior (D:9)
  Maggie (D:6)
  An efreet (D:9)
  Sigmund (D:6)
  A steam dragon (D:7)
  Menkaure (D:6)
  A black bear (D:6)
  2 orc warriors
  An ice beast (D:7)
  2 ogres
  2 necrophages
  A centaur (D:9)
  2 kobold brigands
  A bullfrog (D:9)
  A gnoll sergeant (D:9)
  2 scorpions (D:4)
  A water moccasin zombie (D:5)
  A wyvern skeleton (D:7)
  5 killer bees
  5 howler monkeys
  An electric eel (D:8)
  A bullfrog zombie (D:5)
  A centaur zombie (D:7)
  A jelly (D:7)
  An orc priest (D:5)
  3 centaur skeletons
  A hound (D:6)
  An iguana (D:6)
  8 orc wizards
  A howler monkey skeleton (D:6)
  2 gnolls (D:5)
  2 adders
  A shadow imp (D:7)
  2 white imps
  An ufetubus (D:5)
  An adder skeleton (D:5)
  20 orcs
  A ball python (D:3)
  2 endoplasms
  A goblin (D:3)
  4 hobgoblins
  3 jackals (D:4)
  12 kobolds
  3 bats
  A frilled lizard (D:3)
  A rat (D:3)
109 creatures vanquished.

Vanquished Creatures (collateral kills)
  2 adders (D:4)
  An adder skeleton (D:4)
3 creatures vanquished.

Vanquished Creatures (others)
  2 hounds (D:4)
  A kobold (D:6)
3 creatures vanquished.

Grand Total: 115 creatures vanquished

Notes
Turn   | Place    | Note
-------+----------+-------------------------------------------
     0 | D:1      | nxtlvl the Deep Elf Artificer began the quest for the Orb.
     0 | D:1      | Reached XP level 1. HP: 11/11 MP: 3/3
   312 | D:4      | Reached XP level 2. HP: 10/16 MP: 4/4
   400 | D:2      | Found Livasin's Armour Shop.
   443 | D:2      | Found Xoprokot's General Store.
   504 | D:2      | Found Solix's Jewellery Emporium.
   533 | D:2      | Found Owos's Antique Armour Shop.
   621 | D:3      | Noticed Grinder
   662 | D:4      | Reached XP level 3. HP: 14/20 MP: 5/5
   672 | D:4      | Identified the +9 hunting sling "Tiz Datwa" {flame, rCorr
                  | MP-9 Dex+7}
   800 | D:4      | Reached skill level 5 in Evocations
   800 | D:4      | Reached XP level 4. HP: 24/24 MP: 0/6
   829 | D:4      | Noticed a scorpion
   833 | D:4      | Killed a scorpion
   834 | D:4      | Reached XP level 5. HP: 28/28 MP: 0/7
   836 | D:4      | Noticed an ogre
   843 | D:4      | Killed an ogre
   888 | D:4      | Found a runed translucent gate.
   888 | D:4      | Found a runed translucent gate.
   888 | D:4      | Found a runed translucent gate.
   888 | D:4      | Noticed Tirrikindir's ghost (amateur OpFi)
   921 | D:5      | Entered Level 5 of the Dungeon
   970 | D:4      | Reached XP level 6. HP: 33/33 MP: 0/8
  1079 | D:5      | Reached skill level 5 in Stealth
  1287 | D:5      | Noticed a water moccasin
  1308 | D:5      | Reached XP level 7. HP: 37/37 MP: 0/9
  1456 | D:6      | Noticed Menkaure
  1458 | D:6      | Killed Menkaure
  1625 | D:5      | Noticed Edmund
  1749 | D:2      | Bought a scarf of invisibility for 168 gold pieces
  2067 | D:6      | Reached skill level 1 in Short Blades
  2067 | D:6      | Reached XP level 8. HP: 25/42 MP: 1/10
  2227 | D:6      | Reached skill level 1 in Spellcasting
  2244 | D:6      | Noticed Sigmund
  2246 | D:6      | Killed Sigmund
  2366 | D:6      | Noticed Maggie
  2470 | D:6      | Killed Maggie
  2542 | D:7      | Found Xivvifue's Antique Armour Emporium.
  2664 | D:7      | Reached XP level 9. HP: 44/46 MP: 2/12
  3132 | D:7      | Found a shimmering altar of Xom.
  3177 | D:7      | Reached skill level 5 in Short Blades
  3241 | D:7      | Found a staircase to the Ecumenical Temple.
  3247 | Temple   | Entered the Ecumenical Temple
  3291 | Temple   | Became a worshipper of Hepliaklqana the Forgotten
  3395 | D:8      | You fall into a shaft and drop 1 floor!
  3395 | D:9      | Found Vois's Weapon Shop.
  3395 | D:9      | Found a staircase to the Orcish Mines.
  3397 | D:9      | Found Jaxejuga's Armour Shop.
  3406 | D:9      | Reached skill level 5 in Dodging
  3613 | D:9      | Noticed a tengu warrior
  3630 | D:9      | Noticed an efreet
  3640 | D:9      | Killed a tengu warrior
  3675 | D:9      | Killed an efreet
  3676 | D:9      | Reached skill level 10 in Evocations
  3809 | D:9      | Reached XP level 10. HP: 19/45 MP: 13/13
  3882 | D:9      | Reached skill level 10 in Stealth
  3927 | D:9      | HP: 2/42 [wyvern (12)]
  3929 | D:9      | Slain by a wyvern

Illustrated notes

Levels and vault maps discovered:
D:1:      minmay_arrival_floating_metal, layout_rooms,
          hellmonk_ecumenical_altar_arch_garden, corexii_corridor_pit
D:2:      layout_basic, serial_shops, nicolae_square_shop, nicolae_shop_trees,
          nicolae_shop_temple_entry_statues_fountains, nicolae_lakefront_shop,
          shop_statue
D:3:      cheibrodos_helix_gallery, layout_loops_ring, uniq_grinder,
          uniq_terence
D:4:      layout_basic, gammafunk_ghost_necromancy
D:5:      layout_gridville, minmay_misc_feat_tower, uniq_edmund
D:6:      layout_loops_corners, kennysheep_nondescript, uniq_maggie,
          uniq_sigmund, uniq_menkaure
D:7:      layout_basic, kennysheep_mini_moat,
          minmay_temple_entry_enclosed_plants, serial_shops, shop,
          chequers_serial_rivers_micro_e, chequers_serial_rivers_micro_e
D:8:      layout_basic, serial_bayou_lake_a
D:9:      minmay_ornate_pinched, layout_basic, orc_david_3, uniq_grum
Temple:   nicolae_temple_the_god_donut

Skill      XL: |  1  2  3  4  5  6  7  8  9 10 |
---------------+-------------------------------+-----
Evocations     | 4 5 6 7 8 9 10 | 10.0
Stealth        | 2 4 5 7 8 9 10 | 10.0
Short Blades   | 1 4 7 |  7.0
Spellcasting   | 1 |  1.0
Dodging        | 4 6 |  6.1
Fighting       | |  0.7
Armour         | |  0.7

Action                   |  1- 3 |  4- 6 |  7- 9 | 10-12 || total
-------------------------+-------+-------+-------+-------++-------
Melee: Spear             |    54 |       |       |       ||    54
       Dagger            |       |       |   124 |       ||   124
       Short sword       |       |       |    26 |    22 ||    48
 Fire: Hunting sling     |     7 |    41 |    99 |     3 ||   150
 Abil: Evoke Invisibilit |       |       |    11 |     1 ||    12
Evoke: Wand              |     2 |     4 |    13 |       ||    19
  Use: Scroll            |       |       |     9 |     1 ||    10
       Potion            |       |       |     2 |       ||     2
 Stab: Sleeping          |     1 |       |     9 |       ||    10
       Invisible         |       |       |    19 |     1 ||    20
Armor: Ring mail         |    27 |       |    13 |       ||    40
       Leather armour    |     3 |       |       |       ||     3
       Steam dragon scal |       |       |    23 |     1 ||    24
Dodge: Dodged            |    32 |     2 |    96 |    17 ||   147
